 Dungeon Crawl Stone Soup version 0.30.0-10-gfe55d96785 (webtiles) character file.

Game seed: 12549812057514015732

138 olmar the Covered (level 5, -6/33 HPs)
             Began as a Gargoyle Fighter on May 13, 2023.
             Killed from afar by an orc wizard (10 damage)
             ... with a puff of flame
             ... on level 3 of the Dungeon on May 14, 2023.
             The game lasted 00:04:00 (2691 turns).

olmar the Covered (Gargoyle Fighter)                Turns: 2691, Time: 00:04:01

Health: -6/33      AC: 14    Str: 22    XL:     5   Next: 21%
Magic:  5/5        EV:  8    Int:  8    God:
Gold:   175        SH:  4    Dex:  9    Spells: 4/4 levels left

rFire   . . .        a - +0 flail
rCold   . . .        c - +0 buckler
rNeg    + . .        o - +0 chain mail
rPois   ∞            p - +0 helmet
rElec   +            (no cloak)
rCorr   .            (no gloves)
SInv    .            (no boots)
Will    .....        (no amulet) Stlth
                     (no ring)
HPRegen 0.25/turn    (no ring)
MPRegen 0.09/turn

%: no passive effects
@: no status effects
A: sickness immunity, AC +4, negative energy resistance 1, electricity
resistance, torment resistance 1, petrification resistance
a: no special abilities


You were on level 3 of the Dungeon.
You visited 1 branch of the dungeon, and saw 4 of its levels.

You collected 175 gold pieces.

Inventory:

Hand Weapons
 a - a +0 flail (weapon)
Missiles
 f - 6 boomerangs (quivered)
Armour
 b - a +0 scale mail
 c - a +0 buckler (worn)
 o - a +0 chain mail (worn)
 p - a +0 helmet (worn)
Scrolls
 g - 2 scrolls of torment {unknown}
 h - a scroll of identify {unknown}
 i - a scroll of fog {unknown}
 k - a scroll of brand weapon {unknown}
 l - 2 scrolls of amnesia {unknown}
 m - a scroll of fear {unknown}
 n - 2 scrolls of immolation {unknown}
 q - a scroll of magic mapping {unknown}
 r - 3 scrolls of teleportation {unknown}
 s - a scroll of poison {unknown}
Potions
 d - a potion of might
 e - a potion of heal wounds {unknown}
 j - a potion of curing {unknown}
 t - a potion of flight {unknown}


   Skills:
 + Level 3.9 Fighting
 + Level 3.3 Maces & Flails
 + Level 4.4 Armour
 - Level 0.2 Stealth
 + Level 4.0 Shields


You had 4 spell levels left.
You didn't know any spells.
Your spell library contained the following spells:

 Spells                   Type           Power      Damage    Failure   Level
 Sandblast                Erth           0%         2d4       97%         1
 Ensorcelled Hibernation  Hex/Ice        0%         N/A       99%         2
 Passwall                 Tmut/Erth      0%         N/A       99%         2
 Spider Form              Tmut/Pois      0%         N/A       100%        3
 Stone Arrow              Conj/Erth      0%         3d7       100%        3
 Volatile Blastmotes      Fire/Tloc      0%         2d10      100%        3
 Anguish                  Hex/Necr       0%         N/A       100%        4
 Fulminant Prism          Conj/Hex       0%         3d5       100%        4
 Iskenderun's Mystic Bla  Conj/Tloc      0%         2d3       100%        4
 Lee's Rapid Deconstruct  Erth           0%         3d4*      100%        5


Dungeon Overview and Level Annotations

Branches:
Dungeon (4/15)
 Temple: D:4-7

Altars:
Xom


Innate Abilities, Weirdness & Mutations

You are immune to sickness and miasma.
Your stone body is resilient. (AC +4)
You are immune to poison.
You resist negative energy. (rN+)
You are resistant to electric shocks. (rElec)
You are resistant to unholy torment.
You are immune to petrification.


Message History

Something hits you.
You miss something. You block something's attack. The orc wizard misses you.
You hear some strange, mumbled words.
A puff of flame appears from out of thin air!
The puff of flame hits you.
The orc wizard hits you but does no damage.
You barely miss the orc wizard. Something hits you.
The orc wizard gestures at you while chanting.
The magic dart hits you.
Unknown command.
You barely miss the orc wizard.
An orc comes into view. It is wielding a +0 mace.
Something hits you.
The orc wizard hits you but does no damage.
Unknown command.
You hit the orc wizard.
The orc wizard is moderately wounded.
The orc wizard closely misses you. Something hits you.
The orc wizard points at you and mumbles some strange words.
The magic dart hits you but does no damage.
There is a stone staircase leading up here.
Something hits you but does no damage.
You climb upwards.
Reactivating autopickup.
There is a stone staircase leading down here.
Unknown command.
Deactivating autopickup; reactivate with Ctrl-A.
You miss something. Something hits you.
Okay, then.
You sock something!
Something hits you but does no damage. x2
Unknown command.
You miss something. Something hits you.
* * * LOW HITPOINT WARNING * * *
You closely miss something. Something hits you.
* * * LOW HITPOINT WARNING * * *
You miss something.
You hear some strange, mumbled words.
A puff of flame appears from out of thin air!
The puff of flame hits you!
You die...

..#.# #8.8# ###.# #P.P# #######
###.##### #♣.♣###......
........#### #P.P#......#.
...........# #♣.♣###.##...
.#...##.##.####### #P.P# #.#####
......#..........# #♣)♣# #......
##...#####.#####{# #.# #######
#...#####.# #@# #.###
##.........#####.# #...#
....###.......##.######..#
###'###.#####.......# ##.#
##...##.#####.......# #.#
#.....#.#...<.......# #.####
.....^..#.#.........# #.##.## #
........#.#.........####.#...####
................................'


There were no monsters in sight!

Vanquished Creatures
  An orc wizard (D:3)
  4 adders
  2 worms (D:3)
  5 dart slugs
  4 orcs (D:3)
  4 ball pythons
  4 bats
  3 endoplasms
  4 giant cockroaches
  4 goblins
  6 hobgoblins
  2 jackals (D:1)
  3 quokkas (D:1)
  5 frilled lizards
  5 kobolds
  2 rats
58 creatures vanquished.

Notes
Turn   | Place    | Note
-------+----------+-------------------------------------------
     0 | D:1      | olmar the Gargoyle Fighter began the quest for the Orb.
     0 | D:1      | Reached XP level 1. HP: 14/14 MP: 1/1
    96 | D:1      | Reached XP level 2. HP: 19/19 MP: 2/2
   400 | D:1      | Reached XP level 3. HP: 23/23 MP: 3/3
   980 | D:2      | Reached XP level 4. HP: 29/29 MP: 4/4
  1980 | D:3      | Found a faded altar of an unknown god.
  2018 | D:3      | Reached XP level 5. HP: 20/33 MP: 5/5
  2107 | D:3      | Found a shimmering altar of Xom.
  2109 | D:3      | Found a shimmering altar of Xom.
  2112 | D:3      | Found a shimmering altar of Xom.
  2691 | D:3      | Killed from afar by an orc wizard

Illustrated notes

Levels and vault maps discovered:
D:1:      minmay_arrival_plants_in_alcoves, layout_loops_ring
D:2:      layout_basic, minmay_misc_feat_diagonals, st_stairs_7, minmay_circle_x
D:3:      layout_loops_corners, xom_redecorated,
          shapermc_ecumenical_altar_flowoftime, dreamdust_princess_corridor
D:4:      layout_rooms, minmay_temple_entry_trees, serial_shops, shop,
          nrook_loot_triangle

Skill      XL: |  1  2  3  4 |
---------------+-------------+-----
Armour         | 4 |  4.4
Maces & Flails | 3 |  3.3
Shields        | 4 |  4.0
Fighting       | |  3.9
Stealth        | |  0.2

Action                     |  1- 3 |  4- 6 || total
---------------------------+-------+-------++-------
  Melee: Flail             |    99 |   119 ||   218
 Armour: Scale mail        |    77 |     8 ||    85
         Chain mail        |       |    56 ||    56
  Dodge: Dodged            |    72 |    43 ||   115
  Block: Buckler           |    25 |    27 ||    52
